Map: 월드 오브 슬리퍼스 - 래더

Players

SpeCial

  • Race: Terran Terran
  • League: Master
  • Spawn Location: 7:00

Dream - Winner!

  • Race: Terran Terran
  • Spawn Location: 1:00

VOD

Have the link to the VOD?

Description

Time

  • Played on: Jan. 8, 2020, 5:50 a.m.
  • Length: 19:24
Show
View Real Time Build Order
Export as new Build Order

SpeCial Terran 

Build Orders: Gas First Reaper Expand, Hellion Opening 

Get SALT Encoding   

  12  0:01  SCV  
  13  0:13  SCV  
  14  0:17  Supply Depot  
  14  0:25  SCV  
  14  0:27  Refinery  
  15  0:39  SCV  
  16  0:43  Barracks  
  16  0:51  SCV  
  17  1:03  SCV  
  18  1:15  SCV  
  19  1:31  Orbital Command, Reaper  
  20  1:44  Command Center  
  20  1:55  Factory  
  20  2:00  SCV  
  21  2:07  Barracks Reactor  
  21  2:12  SCV  
  22  2:16  Supply Depot  
  22  2:24  SCV, Refinery  
  23  2:37  SCV  
  24  2:44  Starport  
  24  2:47  Hellion x2  
  24  2:49  SCV  
  29  2:52  Barracks Tech Lab  
  26  2:58  Orbital Command  
  29  3:03  SCV  
  30  3:09  Hellion  
  32  3:13  Hellion  
  32  3:18  Marauder  
  36  3:26  Medivac  
  38  3:37  Hellion  
  38  3:41  Marauder  
  37  3:45  Hellion  
  37  3:48  Concussive Shells  
  38  3:50  SCV x2  
  39  3:58  Hellion  
  39  4:02  SCV x2  
  42  4:07  Hellion, Marauder  
  42  4:14  SCV x2  
  44  4:19  Supply Depot, Starport Tech Lab  
  44  4:26  SCV  
  44  4:27  SCV  
  46  4:40  Raven, Marine x2  
  46  4:41  SCV x2  
  52  4:45  Refinery  
  52  4:47  Supply Depot  
  52  4:53  SCV x2  
  54  5:02  Marine x2  
  48  5:11  Cyclone  
  48  5:13  SCV  
  46  5:14  Bunker  
  46  5:18  SCV  
  46  5:20  Marine x2  
  47  5:25  SCV  
  47  5:27  Command Center  
  47  5:30  SCV, Raven  
  48  5:37  Marine, SCV  
  48  5:40  Marine  
  48  5:42  SCV  
  52  5:46  Siege Tank  
  56  5:50  SCV  
  56  5:52  Supply Depot  
  56  5:54  SCV  
  56  5:55  Marine, Barracks  
  58  5:58  Marine  
  58  6:02  SCV  
  60  6:06  SCV  
  59  6:13  Marine  
  59  6:14  SCV  
  59  6:16  Marine  
  62  6:18  SCV  
  62  6:19  Engineering Bay  
  62  6:21  Siege Tank  
  66  6:26  SCV, Starport Reactor  
  66  6:30  SCV  
  66  6:31  Marine  
  69  6:34  Marine  
  68  6:40  SCV  
  68  6:45  SCV  
  68  6:49  Marine, Terran Infantry Weapons Level 1  
  68  6:50  Missile Turret  
  68  6:52  Marine  
  69  6:57  SCV  
  69  6:58  Siege Tank  
  69  6:59  Marine, Stimpack  
  69  7:00  Orbital Command  
  72  7:02  SCV  
  72  7:06  Marine  
  74  7:09  Marine  
  74  7:10  Refinery  
  74  7:11  Medivac x2  
  80  7:15  SCV  
  80  7:17  Marine  
  80  7:19  SCV  
  80  7:20  Supply Depot  
  82  7:24  Marine  
  82  7:27  Marine  
  82  7:28  SCV  
  83  7:35  Marine  
  83  7:36  Siege Tank  
  87  7:39  SCV  
  87  7:42  Marine  
  89  7:46  Viking x2, Orbital Command  
  89  7:47  Marine  
  89  7:49  Missile Turret  
  89  7:50  SCV  
  95  7:51  SCV  
  95  7:53  Marine  
  95  8:00  Marine  
  95  8:03  SCV  
  95  8:05  Marine  
  97  8:08  SCV  
  97  8:10  Marine  
  97  8:11  Supply Depot  
  100  8:12  Supply Depot  
  100  8:15  SCV  
  100  8:18  Marine  
  101  8:32  Factory  
  101  8:34  Marine x2, SCV x2, Viking x2  
  101  8:35  Supply Depot  
  101  8:36  Marine, SCV, Factory, Siege Tank  
  101  8:38  Supply Depot, Missile Turret  
  114  8:42  Combat Shield  
  114  8:46  SCV x2  
  116  8:49  SCV  
  117  8:57  Marine  
  117  8:58  SCV x2  
  117  9:01  SCV  
  121  9:04  Viking x2  
  123  9:10  SCV  
  123  9:11  SCV  
  123  9:15  SCV  
  126  9:20  Factory Tech Lab x2, Command Center  
  126  9:22  SCV  
  126  9:23  SCV  
  122  9:44  SCV x2, Siege Tank x2  
  122  9:45  Siege Tank  
  125  9:50  Refinery  
  125  9:51  Marine x3, Refinery  
  128  10:00  Viking x2  
  132  10:08  Marine, Supply Depot  
  133  10:14  Marine x2  
  133  10:16  Siege Tank  
  126  10:23  SCV  
  126  10:24  SCV  
  126  10:26  Marine  
  126  10:28  SCV  
  128  10:30  Viking x2  
  128  10:31  Siege Tank  
  128  10:32  Marine x2  
  128  10:34  Siege Tank  
  140  10:43  Supply Depot  
  140  10:44  Marine  
  140  10:45  Supply Depot x2  
  140  10:48  Siege Tank  
  140  10:49  Marine  
  144  10:50  Marine  
  145  11:01  Supply Depot, Orbital Command  
  145  11:02  SCV x3, Marine  
  145  11:03  Siege Tank  
  152  11:07  Marine  
  152  11:08  Marine  
  145  11:13  Armory x2  
  145  11:14  SCV x3  
  145  11:16  Siege Tank  
  145  11:20  Marine  
  145  11:25  Marine  
  146  11:26  Marine, SCV x3  
  146  11:28  SCV  
  146  11:31  Siege Tank  
  155  11:38  Marine, SCV x3  
  155  11:39  Siege Tank  
  159  11:40  SCV  
  159  11:43  Marine x2  
  162  11:48  Siege Tank  
  162  11:50  SCV x2  
  167  11:55  Fusion Core  
  167  11:56  Starport, Viking  
  167  11:58  Starport  
  169  12:07  SCV x4  
  169  12:08  Refinery  
  173  12:14  Medivac  
  173  12:21  SCV  
  174  12:27  Terran Vehicle Weapons Level 1  
  171  12:30  SCV  
  171  12:36  SCV x2  
  166  12:37  Siege Tank x2  
  166  12:39  Sensor Tower, Starport Reactor x2  
  167  12:52  Marine x2  
  167  12:53  Marine  
  151  12:59  Siege Tank  
  151  13:00  SCV  
  151  13:01  SCV  
  147  13:07  SCV x2  
  147  13:09  Siege Tank x2  
  148  13:13  SCV  
  148  13:14  Viking x2  
  148  13:18  Terran Vehicle And Ship Armor Level 1  
  153  13:20  Advanced Ballistics  
  153  13:22  SCV x2  
  153  13:25  SCV  
  156  13:31  SCV  
  145  13:40  Viking x2  
  143  13:44  Viking  
  143  13:45  SCV x2  
  143  13:46  Siege Tank  
  126  13:48  SCV x2  
  122  13:58  SCV x2  
  122  14:00  SCV x2  
  124  14:04  Siege Tank  
  124  14:05  Siege Tank  
  130  14:10  SCV  
  130  14:12  Viking x2  
  130  14:15  Liberator  
  133  14:18  Viking  
  133  14:19  SCV  
  133  14:23  SCV x2  
  132  14:26  Viking  
  134  14:36  Siege Tank  
  134  14:37  SCV  
  141  14:41  SCV x2  
  143  14:45  Viking x2  
  143  14:48  Marine x3  
  143  14:51  SCV x2  
  152  14:53  SCV  
  152  14:55  Siege Tank  
  152  14:58  Viking  
  158  15:04  Siege Tank  
  158  15:05  Marine  
  158  15:06  SCV x3  
  165  15:07  SCV  
  165  15:08  Liberator  
  166  15:17  Supply Depot x2  
  166  15:18  Command Center, Liberator  
  166  15:20  Terran Vehicle Weapons Level 2  
  168  15:32  Liberator  
  171  15:39  Liberator  
  171  15:48  Command Center  
  171  15:49  Liberator  
  171  16:15  Siege Tank  
  174  16:20  SCV  
  174  16:22  Viking  
  174  16:23  Viking  
  174  16:30  Command Center  
  174  16:31  Siege Tank  
  174  16:32  Command Center  
  177  16:39  Siege Tank  
  178  16:47  Siege Tank  
  174  16:57  Viking x2  
  174  17:02  Viking  
  176  17:09  Viking  
  176  17:11  Command Center  
  176  17:13  Command Center  
  176  17:14  Viking  
  171  17:18  SCV x3  
  171  17:21  Viking  
  135  17:27  Viking, Orbital Command  
  135  17:28  Orbital Command  
  137  17:33  Viking  
  137  17:35  SCV x3  
  135  17:38  Viking  
  133  17:45  Viking  
  133  17:47  SCV x3  
  133  17:48  Refinery  
  133  17:49  Viking  
  133  17:50  Refinery  
  130  17:54  Orbital Command  
  130  17:57  Viking  
  127  17:59  SCV x2  
  127  18:04  SCV  
  127  18:05  SCV  
  131  18:10  SCV x2, Sensor Tower  
  131  18:11  SCV  
  134  18:17  Siege Tank  
  137  18:21  Siege Tank  
  140  18:30  SCV x4  
  140  18:32  SCV  
  145  18:38  Siege Tank  
  145  18:40  Viking  
  108  18:49  Siege Tank  
Show
View Real Time Build Order
Export as new Build Order

Dream Terran - Winner!

Build Orders: Mech 

Get SALT Encoding   

  12  0:00  SCV  
  13  0:12  SCV  
  14  0:17  Supply Depot  
  14  0:24  SCV  
  15  0:29  Refinery  
  15  0:39  SCV  
  16  0:43  Barracks  
  16  0:49  Refinery  
  16  0:54  SCV  
  17  1:06  SCV  
  18  1:18  SCV  
  19  1:30  Orbital Command, Reaper  
  20  1:37  Factory  
  20  1:47  Supply Depot  
  20  1:56  SCV  
  21  2:02  Reaper  
  21  2:08  SCV  
  23  2:20  SCV  
  25  2:22  Hellion  
  25  2:32  Command Center  
  25  2:33  SCV  
  26  2:39  Reaper  
  29  2:44  Hellion  
  29  2:45  Supply Depot  
  29  2:48  SCV  
  30  3:00  SCV  
  30  3:01  Starport  
  31  3:07  Hellion  
  31  3:12  SCV, Barracks Tech Lab  
  34  3:24  SCV  
  35  3:28  Factory Tech Lab  
  35  3:37  SCV  
  35  3:46  Orbital Command  
  35  3:49  Cyclone  
  35  3:51  Refinery  
  35  3:53  SCV  
  39  4:03  Banshee  
  39  4:05  SCV  
  39  4:12  SCV  
  39  4:13  Cloaking Field  
  39  4:14  Marine  
  37  4:17  SCV  
  37  4:19  Bunker  
  37  4:21  Cyclone  
  37  4:24  SCV  
  42  4:29  SCV  
  43  4:32  Marine  
  43  4:36  SCV  
  45  4:42  SCV  
  46  4:46  Banshee  
  46  4:48  SCV  
  46  4:50  Marine  
  46  4:52  Supply Depot  
  51  4:54  Supply Depot, Cyclone  
  53  5:04  SCV  
  53  5:05  SCV  
  54  5:14  Mag-Field Accelerator  
  51  5:17  SCV, Supply Depot  
  51  5:18  SCV  
  53  5:29  Banshee  
  53  5:31  SCV  
  53  5:33  Cyclone  
  53  5:34  SCV  
  61  5:44  SCV  
  61  5:46  SCV  
  61  5:47  Command Center  
  63  5:52  Supply Depot  
  63  5:55  Refinery  
  63  6:01  SCV x2  
  65  6:06  Factory  
  65  6:08  Factory  
  65  6:14  SCV x2, Hyperflight Rotors  
  67  6:23  Banshee  
  70  6:27  SCV x2, Supply Depot  
  72  6:39  SCV x2, Siege Tank  
  74  6:51  SCV x2  
  73  7:00  Factory Reactor, Factory Tech Lab  
  70  7:03  SCV x2, Factory x2  
  70  7:07  SCV  
  73  7:10  Banshee  
  76  7:15  SCV x2  
  76  7:21  Orbital Command  
  76  7:22  Refinery  
  78  7:26  Refinery  
  78  7:27  SCV  
  78  7:29  SCV  
  80  7:36  Hellion  
  80  7:37  Supply Depot, Hellion  
  84  7:40  SCV  
  84  7:41  SCV  
  84  7:42  Engineering Bay  
  86  7:47  SCV  
  86  7:49  Siege Tank  
  90  7:52  SCV  
  90  7:53  SCV, Banshee  
  95  7:59  SCV  
  95  8:01  Siege Tank  
  95  8:04  SCV  
  104  8:05  SCV, Factory Reactor, Hellion x2  
  104  8:06  Factory Tech Lab  
  104  8:07  Infernal Pre-Igniter  
  105  8:16  SCV x2  
  105  8:18  SCV  
  108  8:24  Siege Tank  
  111  8:28  Supply Depot x2  
  111  8:29  Hellion  
  111  8:33  Siege Tank  
  114  8:36  Hellion  
  115  8:50  Missile Turret  
  115  8:52  Supply Depot  
  115  8:54  Missile Turret  
  118  8:59  Supply Depot, Hellion x2  
  118  9:00  Hellion x2  
  118  9:01  Sensor Tower  
  119  9:21  Siege Tank x2  
  122  9:29  Hellion x2  
  126  9:35  Starport Reactor  
  112  9:41  Cyclone  
  112  9:44  Hellion x2  
  104  9:50  Hellion  
  104  9:51  Missile Turret  
  106  9:53  Hellion  
  106  9:56  Siege Tank x2  
  114  10:05  Command Center  
  114  10:07  Sensor Tower, Hellion x2  
  114  10:16  Siege Tank  
  114  10:20  Hellion x2  
  113  10:28  Cyclone, Hellion x2  
  120  10:29  Viking x2  
  120  10:34  Armory  
  120  10:35  Armory  
  124  10:45  Missile Turret  
  124  10:47  Hellion x2  
  124  10:49  Hellion x2  
  132  11:04  Siege Tank  
  132  11:05  Siege Tank  
  130  11:19  Viking x2  
  133  11:26  Hellion  
  133  11:27  Hellion x2  
  133  11:28  Terran Vehicle And Ship Armor Level 1, Hellion, Terran Vehicle Weapons Level 1  
  136  11:35  Thor  
  140  11:40  Thor  
  140  11:41  Siege Tank  
  140  11:43  Command Center  
  149  11:50  Viking  
  149  11:52  Viking  
  153  11:54  Supply Depot x2  
  153  12:00  Hellion  
  155  12:07  Planetary Fortress  
  155  12:11  Hellion  
  155  12:14  Hellion  
  156  12:16  Hellion  
  156  12:20  Viking, Siege Tank x2  
  156  12:22  Viking  
  160  12:49  Refinery  
  160  12:51  Siege Tank  
  155  12:52  Siege Tank x2  
  146  12:58  Hellion  
  146  12:59  Hellion  
  146  13:01  Hellion x2  
  148  13:08  Viking  
  148  13:09  Viking  
  144  13:23  Siege Tank  
  144  13:24  Siege Tank x2  
  144  13:40  Viking  
  144  13:41  Viking  
  143  13:50  Hellion x2  
  143  13:55  Siege Tank  
  146  13:56  Thor, Siege Tank  
  145  14:10  Medivac  
  145  14:11  Medivac  
  145  14:14  Hellbat x2, Hellion x2  
  157  14:21  Planetary Fortress  
  157  14:27  Siege Tank  
  157  14:28  Siege Tank  
  157  14:29  Refinery  
  157  14:31  Sensor Tower  
  163  14:35  SCV  
  163  14:36  SCV  
  165  14:41  SCV  
  165  14:45  Missile Turret  
  166  14:55  Viking x2  
  166  14:59  Terran Vehicle Weapons Level 2, Command Center  
  170  15:01  Terran Vehicle And Ship Armor Level 2  
  166  15:08  Supply Depot  
  166  15:09  Supply Depot, Liberator x2  
  172  15:30  Starport  
  172  15:32  Starport  
  152  16:08  Viking  
  152  16:09  Viking  
  149  16:11  Hellion x4  
  149  16:13  Viking  
  149  16:14  Barracks, Viking  
  153  16:20  Refinery x2  
  153  16:38  Viking  
  153  16:39  Viking  
  154  16:45  Viking x2  
  146  17:03  Siege Tank x3  
  146  17:07  Hellbat x2  
  163  17:08  Viking, Hellbat x2  
  163  17:09  Viking  
  163  17:15  Viking x2  
  159  17:21  Liberator x2  
  148  17:35  Siege Tank x3  
  148  17:36  Hellion x3  
  161  17:39  Hellion  
  151  17:55  Starport Reactor  
  151  17:56  Starport Reactor  
  151  17:57  Hellion  
  153  18:06  Hellbat x2  
  153  18:07  Siege Tank x2  
  153  18:09  Hellbat x2, Orbital Command  
  167  18:15  Orbital Command  
  167  18:30  Sensor Tower  
  167  18:37  Viking x2  
  167  18:38  Viking x3  
  149  18:45  Viking  
Tags
 
Add a new tag
Caveats
  • Supply blocks, unpowered buildings, or Contaminate may cause inaccurate times.
  • Supply counts are checked every 10 seconds.